 Dungeon Crawl Stone Soup version 0.29-a0-25-g7f48f510a0 (webtiles) character file.

Game seed: 545514614293877107

47 HallandMoats the Chopper (level 3, 0/33 HPs)
             Began as a Minotaur Monk on Jan 31, 2022.
             Slain by Terence (9 damage)
             ... on level 2 of the Dungeon.
             The game lasted 00:01:15 (1216 turns).

HallandMoats the Chopper (Minotaur Monk)            Turns: 1216, Time: 00:01:16

Health: 0/33       AC:  6    Str: 15    XL:     3   Next: 48%
Magic:  2/3        EV: 10    Int:  7    God:
Gold:   11         SH:  0    Dex: 14    Spells: 2/2 levels left

rFire   . . .      SeeInvis .   a - +0 hand axe
rCold   . . .      Faith    .   (no shield)
rNeg    . . .      Spirit   .   c - +0 scale mail
rPois   .          Reflect  .   (helmet restricted)
rElec   .          Harm     .   (no cloak)
rCorr   .          Rampage  .   (no gloves)
Will    .....                   (no boots)
Stlth   ..........              (no amulet)
HPRegen 0.11/turn               (no ring)
MPRegen 0.08/turn               (no ring)

@: no status effects
A: horns 2, retaliatory headbutt
a: no special abilities


You were on level 2 of the Dungeon.
You visited 1 branch of the dungeon, and saw 2 of its levels.

You collected 11 gold pieces.

Inventory:

Hand Weapons
 a - a +0 hand axe (weapon)
Armour
 c - a +0 scale mail (worn)
Scrolls
 d - a scroll of fear {unknown}
 f - 2 scrolls of teleportation {unknown}
Potions
 b - a potion of berserk rage {unknown}
 e - 2 potions of haste {unknown}


   Skills:
 * Level 4.1 Fighting
 * Level 4.1 Axes
 + Level 1.1 Armour
 + Level 3.5 Dodging
 - Level 1.5 Stealth
 + Level 0.8 Shields
 * Level 1.3 Invocations


You had 2 spell levels left.
You didn't know any spells.
Your spell library was empty.

Dungeon Overview and Level Annotations

Branches:
Dungeon (2/15)

Altars:

Annotations:
D:2 Terence


Innate Abilities, Weirdness & Mutations

You have a pair of horns on your head.
You reflexively headbutt those who attack you in melee.


Message History

The bat barely misses you.
Terence the Incautious comes into view.
He is wielding a +0 flail.
Terence shouts!
The bat barely misses you. The bat hits you.
You hit the bat but do no damage. The bat hits you but does no damage.
Found a scroll labelled NICACV BERY.
The bat hits you but does no damage. x2
Terence shouts, "DIE!!!"
You miss the bat. The bat misses you.
You barely miss the bat. The bat hits you but does no damage.
Terence hits you with a +0 flail. The bat closely misses you.
You hit the bat.
You kill the bat!
You closely miss Terence. Terence hits you with a +0 flail.
You hit Terence.
Terence is lightly wounded.
Terence hits you with a +0 flail!
You barely miss Terence.
Terence is lightly wounded.
Terence barely misses you.
You hit Terence.
Terence is lightly wounded.
Terence closely misses you.
You hit Terence but do no damage.
Terence is lightly wounded.
Terence hits you but does no damage.
You closely miss Terence. You headbutt Terence!
Terence is heavily wounded.
Terence closely misses you.
You hit Terence. Your headbutt misses Terence.
Terence is heavily wounded.
Terence hits you with a +0 flail!
* * * LOW HITPOINT WARNING * * *
You hit Terence but do no damage.
Terence is heavily wounded.
Terence completely misses you.
You hit Terence.
Terence is severely wounded.
Terence hits you with a +0 flail!
You die...

#.......# #####
####.#####.#####
....###.......##.#....
###.##...##.#.##.#?..
###†##...#.)..##.#..#
.........#..####.#..#
....##...........#..#
#.####......#.####..#.###
................@@...>...
..#........#..#.#####.###
###.######....#.# #
.........# # .####.####
#. .. ## .


You could see Terence.

Vanquished Creatures
  2 dart slugs
  2 ball pythons (D:1)
  7 bats
  3 endoplasms (D:1)
  A giant cockroach (D:1)
  3 hobgoblins (D:1)
  8 jackals (D:1)
  3 quokkas
  2 frilled lizards
  4 kobolds (D:1)
  A rat (D:1)
36 creatures vanquished.

Notes
Turn   | Place    | Note
-------+----------+-------------------------------------------
     0 | D:1      | HallandMoats the Minotaur Monk began the quest for the Orb.
     0 | D:1      | Reached XP level 1. HP: 19/19 MP: 0/0
   165 | D:1      | Reached XP level 2. HP: 27/27 MP: 1/1
   262 | D:1      | Reached skill level 1 in Invocations
   634 | D:1      | Reached XP level 3. HP: 31/33 MP: 2/2
  1157 | D:2      | Reached skill level 1 in Armour
  1201 | D:2      | Noticed Terence
  1216 | D:2      | Slain by Terence

Illustrated notes

Levels and vault maps discovered:
D:1:      amcnicky_arrival_gap_in_the_tavern_cellar, layout_basic,
          minmay_worlds_worst_comb
D:2:      layout_basic, shapermc_ecumenical_altar_notcrosses, uniq_terence

Skill      XL: |  1  2  3 |
---------------+----------+-----
Invocations    | 1 |  1.3
Axes           | 4 |  4.1
Fighting       | 4 |  4.1
Armour         | 1 |  1.1
Dodging        | |  3.5
Stealth        | |  1.5
Shields        | |  0.8

Action                   || total
-------------------------++-------
Melee: Hand axe          ||    88
       Headbutt          ||     8
       Punch             ||     2
Armor: Scale mail        ||    40
Dodge: Dodged            ||    57

Table legend: (Time is in decaauts)
 A = Elapsed time spent in this place.
 B = Non-inter-level travel time spent in this place.
 C = Inter-level travel time spent in this place.
 D = Time resting spent in this place.
 E = Time spent auto-exploring this place.
 F = Levels seen in this place.
 G = Mean time per level.
                   A        B        C        D        E       F      G
               +--------+--------+--------+--------+--------+-----+--------+
         Total |   1224 |   1176 |     48 |      0 |    973 |   2 |  612.0 |
       Dungeon |   1224 |   1176 |     48 |      0 |    973 |   2 |  612.0 |
               +--------+--------+--------+--------+--------+-----+--------+

Top non-repeatable levels by time:
     D:1: 1160 daAuts
     D:2: 64 daAuts
